[Event "DVM U20 2019"]
[Site "Braunschweig"]
[Date "2019.12.28"]
[Round "3"]
[White "Spaeth, Rene"]
[Black "Wagner, Benjamin"]
[Result "1/2-1/2"]
[ECO "C54"]
[WhiteElo "1584"]
[BlackElo "1994"]
[Annotator "NA"]
[PlyCount "95"]
[EventDate "2019.12.27"]
[EventType "team-tourn"]
[EventRounds "7"]
[EventCountry "GER"]
[SourceTitle "playchess.com"]
[Source "ChessBase"]
[SourceQuality "1"]
[WhiteTeam "SF HN-Biberach"]
[BlackTeam "SG Aufbau Elbe Magdeburg"]
[TimeControl "40/5400+30:1800+30"]

1. e4 e5 2. Nf3 Nc6 3. Bc4 Bc5 4. c3 Nf6 5. d4 exd4 6. cxd4 Bb4+ 7. Bd2 Bxd2+ 8. Nbxd2 d5 9. exd5 Nxd5 10. Qb3 Na5 11. Qa4+ Nc6 12. Qb3 Nce7 13. O-O O-O {[%emt 0:00:12] unterminated} 14. Rfe1 {[%emt 0:01:26] unterminated} c6 {[%emt 0:00:44] unterminated} 15. Ne4 {[%emt 0:03:01] unterminated} Qb6 {[%emt 0:05:47] unterminated} 16. Qxb6 {[%emt 0:04:32] unterminated} Nxb6 {[%emt 0:02:36] unterminated} 17. Bb3 {[%emt 0:02:15] unterminated} Nbd5 {[%emt 0:10:53] unterminated} 18. h3 {[%emt 0:04:13] unterminated} Rd8 {[%emt 0:03:43] unterminated} 19. Rad1 {[%emt 0:02:48] unterminated} Kf8 {[%emt 0:04:55] unterminated} 20. a3 {[%emt 0:10:40] unterminated} h6 {[%emt 0:02:21] unterminated} 21. Kh2 {[%emt 0:04:26] unterminated} Nf4 {[%emt 0:03:47] unterminated} 22. Nc3 {[%emt 0:03:06] unterminated} Be6 {[%emt 0:06:02] unterminated} 23. Bxe6 Nxe6 24. Rd2 {[%emt 0:00:47] unterminated} Nd5 {[%emt 0:04:11] unterminated} 25. Na4 {[%emt 0:11:55] unterminated} Re8 {[%emt 0:19:12] unterminated} 26. g3 {[%emt 0:07:17] unterminated} Rad8 {[%emt 0:04:52] unterminated} 27. Red1 {[%emt 0:06:53] unterminated} Rd6 {[%emt 0:02:53] unterminated} 28. Nc5 {[%emt 0:01:47] unterminated} Re7 {[%emt 0:05:40] unterminated} 29. Ne4 {[%emt 0:05:49] unterminated} Rd8 30. Re1 {[%emt 0:00:45] unterminated} f5 {[%emt 0:03:28] unterminated} 31. Nc5 {[%emt 0:02:19] unterminated} Nxc5 32. Rxe7 {[%emt 0:00:24] unterminated} Nxe7 33. dxc5 {[%emt 0:00:22] unterminated} Rxd2 34. Nxd2 Kf7 {[%emt 0:00:19] unterminated} 35. Kg2 Ke6 {[%emt 0:00:34] unterminated} 36. Kf3 Kd5 37. b4 {[%emt 0:00:05] unterminated} a5 {[%emt 0:05:06] unterminated} 38. Ke3 {[%emt 0:01:39] unterminated} a4 39. Kd3 {[%emt 0:00:57] unterminated} f4 40. g4 {[%emt 0:00:58] unterminated} Ng6 {[%emt 0:03:19] unterminated} 41. Nc4 {[%emt 0:32:05] unterminated} f3 {[%emt 0:16:16] unterminated} (41... Ne5+ $11 {keeps the balance.} 42. Nxe5 Kxe5) 42. Nb6+ Ke5 43. Ke3 {[%emt 0:00:00] unterminated} Nh4 44. Nxa4 {[%emt 0:00:00] unterminated} Ng2+ 45. Kxf3 Ne1+ {[%emt 0:00:07] unterminated} 46. Ke2 Nc2 {[%emt 0:00:05] [#] unterminated} 47. Nb2 {[%emt 0:00:00] unterminated} (47. Kd3 $1 $18 Nxa3 48. Nb6) 47... Kd4 {[%emt 0:05:47] [#] unterminated} 48. Kd2 $11 {[%emt 0:00:00] normal} ({White should play} 48. Nd1 $1 $16) 1/2-1/2

[Event "DVM U20 2019"]
[Site "Braunschweig"]
[Date "2019.12.28"]
[Round "3"]
[White "Kokschenev, Michael"]
[Black "Honisch, Alexander"]
[Result "1/2-1/2"]
[ECO "C26"]
[WhiteElo "1552"]
[BlackElo "1477"]
[Annotator "NA RC"]
[PlyCount "79"]
[EventDate "2019.12.27"]
[EventType "team-tourn"]
[EventRounds "7"]
[EventCountry "GER"]
[SourceTitle "playchess.com"]
[Source "ChessBase"]
[SourceQuality "1"]
[WhiteTeam "Karlsruher SF"]
[BlackTeam "SK Bebenhausen"]
[TimeControl "40/5400+30:1800+30"]

1. e4 e5 2. Nc3 Nf6 3. g3 Nc6 4. Bg2 Bc5 5. Nf3 d6 6. h3 h6 7. O-O Be6 8. d3 Qd7 9. Kh2 O-O-O 10. Be3 Bxe3 11. fxe3 d5 12. exd5 Nxd5 13. Nxd5 Bxd5 14. e4 Be6 15. Qd2 g5 16. Ng1 Ne7 17. a4 f5 18. exf5 Nxf5 19. g4 Nh4 20. Be4 Bd5 21. Bf5 Nxf5 22. Rxf5 Qd6 23. Ne2 e4+ 24. Kg1 Be6 25. Rf6 Rdf8 26. Raf1 Rxf6 27. Rxf6 exd3 28. Qxd3 Qe5 29. Qc3 Qxe2 30. Rxe6 Qxe6 31. Qxh8+ Kd7 32. Qd4+ Kc6 33. Kf2 Qf7+ 34. Kg3 b6 35. Qe4+ Kd6 36. Qd4+ Kc6 37. Qe4+ Kd6 38. Qd4+ {[%emt 0:00:07] normal} Kc6 39. Qe4+ {[%emt 0:00:15] normal} Kd6 40. Qd4+ {normal Ke5} 1/2-1/2

[Event "DVM U20 2019"]
[Site "Braunschweig"]
[Date "2019.12.28"]
[Round "3"]
[White "van Haaren, Laurens Jan"]
[Black "Peukert, Marc"]
[Result "0-1"]
[ECO "A48"]
[WhiteElo "1482"]
[BlackElo "1518"]
[Annotator "NA RC"]
[PlyCount "56"]
[EventDate "2019.12.27"]
[EventType "team-tourn"]
[EventRounds "7"]
[EventCountry "GER"]
[SourceTitle "playchess.com"]
[Source "ChessBase"]
[SourceQuality "1"]
[WhiteTeam "SK Turm Kleve"]
[BlackTeam "USV TU Dresden"]
[TimeControl "40/5400+30:1800+30"]

1. d4 Nf6 2. Nf3 g6 3. c4 Bg7 4. g3 O-O 5. Bg2 d6 6. O-O Nbd7 7. b3 c5 8. Bb2 Rb8 9. Nc3 a6 10. a4 Qc7 11. d5 Ne4 12. Qc2 Nxc3 13. Bxc3 Nf6 14. Nd2 b5 15. axb5 axb5 16. Rfb1 Bd7 17. e4 Rfc8 18. f4 Ne8 19. Bxg7 Nxg7 20. Nf3 Re8 21. Re1 bxc4 22. bxc4 Rb4 23. e5 Reb8 24. exd6 exd6 25. Bf1 Bg4 26. Re3 Nf5 27. Qe4 Nxe3 28. Qxe3 Rb3 {[%emt 0:04:23] normal} 0-1

[Event "DVM U20 2019"]
[Site "Braunschweig"]
[Date "2019.12.28"]
[Round "3"]
[White "Meier, Julian"]
[Black "Habersetzer, Elyse"]
[Result "1/2-1/2"]
[ECO "E20"]
[WhiteElo "1323"]
[BlackElo "1650"]
[Annotator "NA RC"]
[PlyCount "51"]
[EventDate "2019.12.27"]
[EventType "team-tourn"]
[EventRounds "7"]
[EventCountry "GER"]
[SourceTitle "playchess.com"]
[Source "ChessBase"]
[SourceQuality "1"]
[WhiteTeam "USV TU Dresden"]
[BlackTeam "SK Turm Kleve"]
[TimeControl "40/5400+30:1800+30"]

1. d4 e6 2. c4 Nf6 3. Nc3 Bb4 4. Bd2 O-O 5. e3 c5 6. a3 Bxc3 7. Bxc3 Ne4 8. Bd3 Nxc3 9. bxc3 f5 10. Ne2 b6 11. O-O Bb7 12. f3 Nc6 13. Qd2 d6 14. Nf4 Qf6 15. d5 Na5 16. Nxe6 Rf7 17. Rab1 Ba6 18. e4 Bxc4 19. Rfe1 Re8 20. Qc2 Bxd3 21. Qxd3 fxe4 22. Rxe4 Rfe7 23. Rbe1 Nb7 24. Qe3 Qf7 25. Qg5 Qg6 26. Qxg6 {[%emt 0:02:49] normal} 1/2-1/2

[Event "DVM U20 2019"]
[Site "Braunschweig"]
[Date "2019.12.28"]
[Round "3"]
[White "Simrock, Manuel"]
[Black "Kirschweng, Luca"]
[Result "1/2-1/2"]
[ECO "C10"]
[WhiteElo "1211"]
[BlackElo "1718"]
[Annotator "NA RC"]
[PlyCount "60"]
[EventDate "2019.12.27"]
[EventType "team-tourn"]
[EventRounds "7"]
[EventCountry "GER"]
[SourceTitle "playchess.com"]
[Source "ChessBase"]
[SourceQuality "1"]
[WhiteTeam "Sges Bensheim"]
[BlackTeam "SG Trier"]
[TimeControl "40/5400+30:1800+30"]

1. e4 e6 2. d4 d5 3. Nd2 dxe4 4. Nxe4 Nd7 5. g4 Be7 6. Nf3 b6 7. Bg2 Bb7 8. Qe2 Ngf6 9. Nxf6+ Bxf6 10. Rg1 O-O 11. g5 Be7 12. h4 c5 13. h5 cxd4 14. g6 fxg6 15. hxg6 Bb4+ 16. Kd1 Qf6 17. gxh7+ Kh8 18. Ng5 Bxg2 19. Rxg2 Nc5 20. a3 d3 21. cxd3 Nb3 22. Rb1 Nd4 23. Qe4 Bd6 24. Be3 Nf5 25. Bf4 e5 26. Bd2 Nd4 27. Bc3 Rae8 28. Kd2 Nb3+ 29. Kc2 Nc5 30. Qd5 Ra8 {normal} 1/2-1/2

[Event "DVM U20 2019"]
[Site "Braunschweig"]
[Date "2019.12.28"]
[Round "4"]
[White "Engel, Luis"]
[Black "Goldbeck, Lars"]
[Result "1-0"]
[ECO "B90"]
[WhiteElo "2531"]
[BlackElo "2312"]
[Annotator "ChessBase"]
[PlyCount "61"]
[EventDate "2019.12.27"]
[EventType "team-tourn"]
[EventRounds "7"]
[EventCountry "GER"]
[SourceTitle "playchess.com"]
[Source "ChessBase"]
[SourceQuality "1"]
[WhiteTeam "Hamburger SK"]
[BlackTeam "SC Bavaria Regensburg"]
[TimeControl "40/5400+30:1800+30"]

1. e4 c5 2. Nf3 d6 3. d4 Nf6 4. Nc3 cxd4 5. Nxd4 a6 6. Be3 e5 7. Nb3 Be6 8. f3 h5 9. Nd5 Nxd5 10. exd5 Bf5 11. Bd3 Bxd3 12. Qxd3 Nd7 13. O-O-O g6 14. Kb1 Qc7 15. f4 Bh6 16. Rhe1 O-O-O 17. f5 Bxe3 18. Rxe3 Rhg8 19. a4 Kb8 20. g3 Nb6 21. fxg6 Rxg6 22. Re4 f5 23. Rh4 Rc8 24. Qxf5 Rg4 25. Rxg4 hxg4 26. Rd2 Nc4 27. Rf2 b5 28. axb5 a5 29. Qxg4 a4 30. Nc1 a3 {[%emt 0:01:40] normal} 31. Nd3 {[%emt 0:07:02] normal} 1-0

[Event "DVM U20 2019"]
[Site "Braunschweig"]
[Date "2019.12.28"]
[Round "4"]
[White "Roseneck, Jonas"]
[Black "Kueppers, Timo"]
[Result "1-0"]
[ECO "B90"]
[WhiteElo "2417"]
[BlackElo "2296"]
[Annotator "NA"]
[PlyCount "82"]
[EventDate "2019.12.27"]
[EventType "team-tourn"]
[EventRounds "7"]
[EventCountry "GER"]
[SourceTitle "playchess.com"]
[Source "ChessBase"]
[SourceQuality "1"]
[WhiteTeam "SG Aufbau Elbe Magdeburg"]
[BlackTeam "SF Essen-Katernberg"]
[TimeControl "40/5400+30:1800+30"]

1. e4 c5 2. Nf3 d6 3. d4 cxd4 4. Nxd4 Nf6 5. Nc3 a6 6. Be3 e6 7. f3 b5 8. Qd2 Nbd7 9. g4 b4 10. Nce2 h6 11. O-O-O Qc7 12. h4 d5 13. g5 hxg5 14. exd5 Nxd5 15. Bxg5 N7f6 16. Nf4 Be7 17. Bh3 Nxf4 18. Bxf4 Qb7 19. Rhe1 Rxh4 20. Bg2 Bd7 21. Nf5 exf5 22. Rxe7+ Kxe7 23. Qe1+ Be6 24. Bd6+ Kd7 25. Qxh4 Nd5 26. Bxb4 g5 27. Qd4 f4 28. Qc5 Qc6 29. c4 Qxc5 30. Bxc5 Kc6 31. cxd5+ Bxd5 32. Be7 Rh8 33. Rd2 g4 34. b3 Re8 35. Bh4 Rh8 36. Bg5 gxf3 37. Bf1 Rh1 38. Rf2 a5 39. Kb2 Rg1 40. Bxf4 f5 {[%emt 0:00:53] normal} 41. Be3 {[%emt 0:34:01] normal} Be4 {[%emt 0:03:46] normal} 1-0

[Event "DVM U20 2019"]
[Site "Braunschweig"]
[Date "2019.12.28"]
[Round "4"]
[White "Poghosyan, Tigran"]
[Black "Rauch, Sören"]
[Result "0-1"]
[ECO "C05"]
[WhiteElo "2302"]
[BlackElo "1901"]
[Annotator "NA"]
[PlyCount "43"]
[EventDate "2019.12.27"]
[EventType "team-tourn"]
[EventRounds "7"]
[EventCountry "GER"]
[SourceTitle "playchess.com"]
[Source "ChessBase"]
[SourceQuality "1"]
[WhiteTeam "Lübecker SV"]
[BlackTeam "SG Trier"]
[TimeControl "40/5400+30:1800+30"]

1. e4 e6 2. d4 d5 3. Nd2 Nf6 4. e5 Nfd7 5. Bd3 c5 6. c3 Nc6 7. Ndf3 a6 8. Ne2 b5 9. O-O Be7 10. Ne1 Qb6 11. Be3 c4 12. Bc2 b4 13. f4 a5 14. Rf3 g6 15. g4 Bb7 16. f5 gxf5 17. gxf5 O-O-O 18. Nf4 Rdg8+ 19. Kh1 Nd8 20. f6 Bf8 21. Nh5 Nc6 22. Bf4 {[%emt 0:04:39] normal} 0-1

[Event "DVM U20 2019"]
[Site "Braunschweig"]
[Date "2019.12.28"]
[Round "4"]
[White "Vuckovic, Zarko"]
[Black "Lutz, Ruben"]
[Result "1-0"]
[ECO "C02"]
[WhiteElo "2258"]
[BlackElo "2132"]
[Annotator "NA"]
[PlyCount "68"]
[EventDate "2019.12.27"]
[EventType "team-tourn"]
[EventRounds "7"]
[EventCountry "GER"]
[SourceTitle "playchess.com"]
[Source "ChessBase"]
[SourceQuality "1"]
[WhiteTeam "SF Augsburg"]
[BlackTeam "USV TU Dresden"]
[TimeControl "40/5400+30:1800+30"]

1. e4 e6 2. d4 d5 3. e5 c5 4. c3 Nc6 5. Nf3 Qb6 6. a3 c4 7. g3 f6 8. Bg2 fxe5 9. Nxe5 Nxe5 10. dxe5 Bc5 11. O-O Ne7 12. Nd2 O-O 13. Qe2 Bd7 14. Rb1 Ba4 15. h4 Nf5 16. Kh2 Nh6 17. Nf3 Ng4+ 18. Kg1 Be8 19. Bf4 Bg6 20. Rbd1 Bd3 21. Rxd3 cxd3 22. Qd2 a5 23. Bh3 Nxf2 24. Rxf2 Bxf2+ 25. Qxf2 Qxf2+ 26. Kxf2 Ra6 27. Nd4 Kf7 28. Ke3 a4 29. Kxd3 Ke7 30. Bf1 Raa8 31. Ke3 h6 32. Bd3 Rg8 33. h5 Ra5 34. g4 Kf7 {[%emt 0:01:11] normal} 1-0

[Event "DVM U20 2019"]
[Site "Braunschweig"]
[Date "2019.12.28"]
[Round "4"]
[White "Schneider, Jana"]
[Black "Holinka, Henning"]
[Result "1-0"]
[ECO "B06"]
[WhiteElo "2210"]
[BlackElo "2233"]
[Annotator "NA"]
[PlyCount "83"]
[EventDate "2019.12.27"]
[EventType "team-tourn"]
[EventRounds "7"]
[EventCountry "GER"]
[SourceTitle "playchess.com"]
[Source "ChessBase"]
[SourceQuality "1"]
[WhiteTeam "SC Bavaria Regensburg"]
[BlackTeam "Hamburger SK"]
[TimeControl "40/5400+30:1800+30"]

1. e4 g6 2. d4 Bg7 3. Nc3 d6 4. Be3 a6 5. Qd2 b5 6. h4 Nf6 7. f3 h6 8. O-O-O Bb7 9. Nh3 Nbd7 10. g4 Rc8 11. g5 hxg5 12. hxg5 Nh5 13. Nf4 Nxf4 14. Rxh8+ Bxh8 15. Bxf4 c5 16. dxc5 Nxc5 17. Qh2 Bxc3 18. bxc3 Qa5 19. Qh8+ Kd7 20. Bh3+ Ne6 21. Bxe6+ fxe6 22. Qg7 Rc6 23. Be5 Qa3+ 24. Kb1 Rb6 25. Bd4 b4 26. c4 Qxf3 27. Re1 Rc6 28. Bf6 Rxc4 29. Qxe7+ Kc6 30. Qxe6 Kb5 31. Qe8+ Kc5 32. e5 dxe5 33. Rxe5+ Kb6 34. Qd8+ Ka7 35. Re7 Qf2 36. Qd3 Qg1+ 37. Kb2 Qc5 38. Qxg6 a5 39. Qd3 a4 40. Rd7 Ka6 41. Rd4 Kb5 {[%emt 0:07:00] normal} 42. g6 {[%emt 0:00:00] normal} 1-0

[Event "DVM U20 2019"]
[Site "Braunschweig"]
[Date "2019.12.28"]
[Round "4"]
[White "Joeres, Stefan"]
[Black "Hoffmann, Jens"]
[Result "0-1"]
[ECO "B90"]
[WhiteElo "2201"]
[BlackElo "2113"]
[Annotator "NA"]
[PlyCount "44"]
[EventDate "2019.12.27"]
[EventType "team-tourn"]
[EventRounds "7"]
[EventCountry "GER"]
[SourceTitle "playchess.com"]
[Source "ChessBase"]
[SourceQuality "1"]
[WhiteTeam "Karlsruher SF"]
[BlackTeam "SF HN-Biberach"]
[TimeControl "40/5400+30:1800+30"]

1. e4 c5 2. Nf3 d6 3. d4 cxd4 4. Nxd4 Nf6 5. Nc3 a6 6. a3 e5 7. Nf5 d5 8. Bg5 d4 9. Bxf6 gxf6 10. Na2 Bxf5 11. exf5 Qd5 12. Be2 e4 13. O-O Nc6 14. Nc3 Qe5 15. f4 exf3 16. Bxf3 O-O-O 17. Ne4 Kb8 18. Qd3 Bh6 19. Qc4 Bf4 20. g3 Be3+ 21. Kg2 Qe7 22. Nc5 Rc8 {[%emt 0:00:02] normal} 0-1

[Event "DVM U20 2019"]
[Site "Braunschweig"]
[Date "2019.12.28"]
[Round "4"]
[White "Stelmaszyk, Nico"]
[Black "Knudsen, Simon"]
[Result "0-1"]
[ECO "B06"]
[WhiteElo "2193"]
[BlackElo "2194"]
[Annotator "NA"]
[PlyCount "98"]
[EventDate "2019.12.27"]
[EventType "team-tourn"]
[EventRounds "7"]
[EventCountry "GER"]
[SourceTitle "playchess.com"]
[Source "ChessBase"]
[SourceQuality "1"]
[WhiteTeam "SK Lehrte 1919"]
[BlackTeam "SF Brackel"]
[TimeControl "40/5400+30:1800+30"]

1. e4 g6 2. d4 Bg7 3. Nc3 d6 4. f4 a6 5. Nf3 b5 6. Bd3 Nd7 7. e5 c5 8. Be4 Rb8 9. O-O cxd4 10. Nxd4 dxe5 11. Nc6 Qb6+ 12. Kh1 Ngf6 13. Nxb8 Qxb8 14. fxe5 Nxe4 15. Nxe4 Nxe5 16. Bf4 Qb6 17. Qe2 O-O 18. Nc3 Bg4 19. Qe1 Qc5 20. Qh4 Bf5 21. Rae1 Nc6 22. Be3 Qd6 23. Re2 Be6 24. Ne4 Qb4 25. Rf4 Bc4 26. c3 Qa5 27. b4 Qa3 28. Rc2 Nxb4 29. Bc1 Qa4 30. Rd2 Nd3 31. Rxd3 Bxd3 32. Nf6+ Bxf6 33. Rxa4 Bxh4 34. Rxh4 Bc4 35. a4 Rd8 36. Rd4 Rxd4 37. cxd4 bxa4 38. Kg1 Kg7 39. Kf2 Kf6 40. Ba3 Bd5 41. g3 e6 42. Ke3 Kf5 43. Be7 Kg4 44. Kf2 Kh3 45. Kg1 h6 46. Bf8 g5 47. Be7 f6 48. Bd6 h5 49. Ba3 h4 {[%emt 0:00:14] normal} 0-1

[Event "DVM U20 2019"]
[Site "Braunschweig"]
[Date "2019.12.28"]
[Round "4"]
[White "Fluechter, Gregor"]
[Black "Meiwes, Thore"]
[Result "1/2-1/2"]
[ECO "C15"]
[WhiteElo "2174"]
[BlackElo "2106"]
[Annotator "NA"]
[PlyCount "109"]
[EventDate "2019.12.27"]
[EventType "team-tourn"]
[EventRounds "7"]
[EventCountry "GER"]
[SourceTitle "playchess.com"]
[Source "ChessBase"]
[SourceQuality "1"]
[WhiteTeam "SF Brackel"]
[BlackTeam "SK Lehrte 1919"]
[TimeControl "40/5400+30:1800+30"]

1. e4 e6 2. d4 d5 3. Nc3 Bb4 4. a3 Bxc3+ 5. bxc3 dxe4 6. Qg4 Qf6 7. Qxe4 Ne7 8. Nf3 Qf5 9. Bd3 Qxe4+ 10. Bxe4 Nd5 11. c4 Nf6 12. Bd3 c5 13. dxc5 Na6 14. Be3 Nd7 15. c6 bxc6 16. Nd4 Ne5 17. Be4 Bd7 18. Bf4 Nc5 19. Bxe5 Nxe4 20. Bxg7 Rg8 21. Be5 f6 22. Bg3 e5 23. Nb3 Be6 24. O-O-O Bxc4 25. f3 Nc3 26. Rd6 Ke7 27. Rxc6 Rgc8 28. Rxc8 Rxc8 29. Kd2 Nb5 30. Bf2 Rd8+ 31. Kc1 Kf7 32. Rd1 Rxd1+ 33. Kxd1 Bf1 34. g3 Bg2 35. Nd2 Nxa3 36. Bxa7 Nb5 37. Be3 Bh3 38. c4 Nd6 39. Kc2 Bd7 40. Kc3 Bc6 41. Kb4 Ke6 42. Bf2 Kd7 43. c5 Nb7 44. Kc4 f5 45. g4 Ke6 46. gxf5+ Kxf5 47. Bg3 h5 48. Ne4 Nd8 49. Nd6+ Ke6 50. f4 exf4 51. Bxf4 Kd7 52. Be3 Ne6 53. h4 Nc7 54. Nf5 {[%emt 0:00:53] normal} Bf3 {[%emt 0:01:46] normal} 55. Kd4 {[%emt 0:02:04] normal} 1/2-1/2

[Event "DVM U20 2019"]
[Site "Braunschweig"]
[Date "2019.12.28"]
[Round "4"]
[White "Schimnatkowski, Lukas"]
[Black "Biastoch, Bennet"]
[Result "0-1"]
[ECO "B23"]
[WhiteElo "2157"]
[BlackElo "2242"]
[Annotator "NA"]
[PlyCount "76"]
[EventDate "2019.12.27"]
[EventType "team-tourn"]
[EventRounds "7"]
[EventCountry "GER"]
[SourceTitle "playchess.com"]
[Source "ChessBase"]
[SourceQuality "1"]
[WhiteTeam "SF Essen-Katernberg"]
[BlackTeam "SG Aufbau Elbe Magdeburg"]
[TimeControl "40/5400+30:1800+30"]

1. e4 c5 2. Nc3 Nc6 3. f4 g6 4. Nf3 Bg7 5. a3 d6 6. Bc4 e6 7. d3 Nge7 8. O-O O-O 9. Ba2 d5 10. Qe1 Nd4 11. Qf2 Nxf3+ 12. Qxf3 b6 13. Rd1 Bb7 14. Bd2 dxe4 15. dxe4 Qc7 16. Bc4 a6 17. Be3 Nf5 18. Bf2 Nd4 19. Qg4 b5 20. Bd3 f5 21. Qg5 fxe4 22. Bxe4 Bxe4 23. Nxe4 Rf5 24. Qg4 Rxf4 25. Bg3 Rxg4 26. Bxc7 Rxe4 27. c3 Nb3 28. Rab1 Be5 29. Rd7 Ra7 30. Rd8+ Kf7 31. Bxe5 Rxe5 32. Rbd1 Rd5 33. R1xd5 exd5 34. Rxd5 Ke6 35. Rd8 Rd7 36. Re8+ Kf5 37. Re2 Rd1+ 38. Kf2 Rd2 {[%emt 0:00:06] normal} 0-1

[Event "DVM U20 2019"]
[Site "Braunschweig"]
[Date "2019.12.28"]
[Round "4"]
[White "Doll, Alexander"]
[Black "Wendler, David"]
[Result "0-1"]
[ECO "B36"]
[WhiteElo "2127"]
[BlackElo "2204"]
[Annotator "NA"]
[PlyCount "107"]
[EventDate "2019.12.27"]
[EventType "team-tourn"]
[EventRounds "7"]
[EventCountry "GER"]
[SourceTitle "playchess.com"]
[Source "ChessBase"]
[SourceQuality "1"]
[WhiteTeam "OSG Baden-Baden"]
[BlackTeam "SK Bebenhausen"]
[TimeControl "40/5400+30:1800+30"]

1. e4 c5 2. Nf3 Nc6 3. d4 cxd4 4. Nxd4 g6 5. c4 Nf6 6. Nc3 d6 7. Be2 Nxd4 8. Qxd4 Bg7 9. Be3 O-O 10. Qd2 Be6 11. Rc1 Qa5 12. O-O Rfc8 13. b3 a6 14. Nd5 Qxd2 15. Nxf6+ Bxf6 16. Bxd2 b5 17. cxb5 axb5 18. Rxc8+ Bxc8 19. Rc1 Bb7 20. Bxb5 Rxa2 21. Bh6 Bb2 22. Rc7 Ra1+ 23. Bf1 Ba6 24. Bc1 Bxc1 25. Bxa6 Ba3+ 26. Bf1 Bc5 27. b4 Bxb4 28. Rxe7 Bc5 29. Rc7 Rc1 30. Rd7 Rc2 31. Kh1 Rxf2 32. Bc4 Kg7 33. g3 g5 34. h4 g4 35. h5 Rf6 36. Kg2 Bd4 37. Rb7 Rf3 38. Rb3 Rf2+ 39. Kh1 Be5 40. Kg1 Rc2 41. Bd3 Rc1+ 42. Kf2 Kh6 43. Rb7 Kxh5 44. Rxf7 Kg6 45. Rf8 Rc3 46. Ke3 h5 47. Rf1 {[%emt 0:02:00] normal} Bxg3 48. e5+ {[%emt 0:00:00] normal} Rxd3+ 49. Kxd3 Bxe5 {[%emt 0:00:00] normal} 50. Ke4 h4 51. Rf8 {[%emt 0:00:00] normal} h3 52. Rg8+ Kh5 {[%emt 0:00:00] normal} 53. Kf5 {[%emt 0:00:00] normal} h2 54. Rg7 0-1

[Event "DVM U20 2019"]
[Site "Braunschweig"]
[Date "2019.12.28"]
[Round "4"]
[White "Melde, Benjamin"]
[Black "Thomsen, Phil"]
[Result "1-0"]
[ECO "A20"]
[WhiteElo "2120"]
[BlackElo "2147"]
[Annotator "NA"]
[PlyCount "57"]
[EventDate "2019.12.27"]
[EventType "team-tourn"]
[EventRounds "7"]
[EventCountry "GER"]
[SourceTitle "playchess.com"]
[Source "ChessBase"]
[SourceQuality "1"]
[WhiteTeam "SK Turm Kleve"]
[BlackTeam "Sges Bensheim"]
[TimeControl "40/5400+30:1800+30"]

1. c4 e5 2. g3 c6 3. Nf3 e4 4. Nd4 d5 5. cxd5 Qxd5 6. e3 Nf6 7. Nc3 Qe5 8. f4 exf3 9. Nxf3 Qh5 10. Bg2 Bh3 11. O-O Bxg2 12. Kxg2 Nbd7 13. d4 Bd6 14. e4 Bc7 15. Qb3 Nb6 16. a4 Rb8 17. a5 Nc8 18. e5 Ng4 19. Nh4 Ne7 20. h3 Nh6 21. Bxh6 gxh6 22. Kh2 O-O 23. Rf2 Kh8 24. Raf1 f5 25. Ne4 Ng6 26. Nxf5 Rxf5 27. Rxf5 Qe2+ 28. R5f2 Qxe4 29. Qf7 {[%emt 0:02:00] normal} 1-0

[Event "DVM U20 2019"]
[Site "Braunschweig"]
[Date "2019.12.28"]
[Round "4"]
[White "Roehr, Tobias"]
[Black "Gorainow, Nikita"]
[Result "1-0"]
[ECO "D85"]
[WhiteElo "2103"]
[BlackElo "1946"]
[Annotator "NA"]
[PlyCount "73"]
[EventDate "2019.12.27"]
[EventType "team-tourn"]
[EventRounds "7"]
[EventCountry "GER"]
[SourceTitle "playchess.com"]
[Source "ChessBase"]
[SourceQuality "1"]
[WhiteTeam "SG Aufbau Elbe Magdeburg"]
[BlackTeam "SF Essen-Katernberg"]
[TimeControl "40/5400+30:1800+30"]

1. d4 Nf6 2. c4 g6 3. Nc3 d5 4. cxd5 Nxd5 5. Bd2 Nb6 6. e3 Bg7 7. Nf3 O-O 8. Be2 N8d7 9. Qc2 c5 10. O-O cxd4 11. Nxd4 Ne5 12. Rad1 Bd7 13. Qe4 Nc6 14. Nxc6 Bxc6 15. Qc2 Rc8 16. e4 Qc7 17. Rc1 Rfd8 18. Be3 Qd7 19. h3 e6 20. Bg5 f6 21. Be3 Ba4 22. Qb1 Bc6 23. b4 Qf7 24. Nb5 Bxb5 25. Bxb5 f5 26. Rxc8 Nxc8 27. Rd1 Qc7 28. Rxd8+ Qxd8 29. Qb3 Kf7 30. exf5 gxf5 31. Bc4 Qd7 32. Qc2 Kg6 33. Qe2 a6 34. Bf4 Kf7 35. Qh5+ Kg8 {[%emt 0:00:04] normal} 36. Qxf5 {[%emt 0:00:54] normal} Qd1+ 37. Kh2 {[%emt 0:00:06] normal} 1-0

[Event "DVM U20 2019"]
[Site "Braunschweig"]
[Date "2019.12.28"]
[Round "4"]
[White "Richter, Philipp"]
[Black "Weller, Uli"]
[Result "0-1"]
[ECO "E38"]
[WhiteElo "2084"]
[BlackElo "2070"]
[Annotator "NA"]
[PlyCount "55"]
[EventDate "2019.12.27"]
[EventType "team-tourn"]
[EventRounds "7"]
[EventCountry "GER"]
[SourceTitle "playchess.com"]
[Source "ChessBase"]
[SourceQuality "1"]
[WhiteTeam "USV TU Dresden"]
[BlackTeam "SF Augsburg"]
[TimeControl "40/5400+30:1800+30"]

1. d4 Nf6 2. c4 e6 3. Nc3 Bb4 4. Qc2 c5 5. dxc5 Na6 6. Nf3 Nxc5 7. a3 Bxc3+ 8. Qxc3 O-O 9. g3 b6 10. Bg2 Bb7 11. O-O Rc8 12. Bf4 d5 13. Rac1 dxc4 14. Rfd1 Nd5 15. Qxc4 Ba6 16. Qa2 Bxe2 17. Rd2 Ba6 18. Ne5 Ne4 19. Rdd1 Nxf4 20. gxf4 Rxc1 21. Rxc1 Qd2 22. Qb1 Qxf2+ 23. Kh1 Nd2 24. Qc2 Qxf4 25. Re1 g6 26. Qc3 f6 27. Nd7 Rf7 {[%emt 0:01:31] normal} 28. Qc6 {[%emt 0:01:24] normal} 0-1